 Dungeon Crawl Stone Soup version 0.21-a0-215-g0631661 (webtiles) character file.

154 namelastname112 the Caller (level 5, -3/41 HPs)
             Began as a Draconian Summoner on Aug 23, 2017.
             Slain by a centaur (9 damage)
             ... on level 3 of the Dungeon.
             The game lasted 00:03:25 (2714 turns).

namelastname112 the Caller (Draconian Summoner)     Turns: 2714, Time: 00:03:26

Health: -3/41      AC:  5    Str: 10    XL:     5   Next: 13%
Magic:  6/9        EV: 12    Int: 16    God:
Gold:   59         SH:  0    Dex: 12    Spells: 3/9 levels left

rFire    . . .     SeeInvis .   g - +0 short sword
rCold    . . .     Gourm    .   (no shield)
rNeg     . . .     Faith    .   (armour unavailable)
rPois    +         Spirit   .   (helmet restricted)
rElec    .         Reflect  .   (no cloak)
rCorr    .         Harm     .   (no gloves)
MR       .....                  (no boots)
Stlth    ++........             (no amulet)
HPRegen  0.13/turn              p - ring of poison resistance
MPRegen  0.11/turn              (no ring)

@: flying
A: unfitting armour, cold-blooded, AC +5
a: no special abilities


You were on level 3 of the Dungeon.
You were not hungry.

You visited 1 branch of the dungeon, and saw 3 of its levels.

You collected 59 gold pieces.

Inventory:

Hand Weapons
 g - a +0 short sword (weapon)
Armour
 n - a +0 buckler
Jewellery
 p - a ring of poison resistance (left hand)
Wands
 q - a wand of polymorph (5/24)
Scrolls
 e - a scroll of identify {unknown}
 f - 2 scrolls of enchant weapon {unknown}
 h - 2 scrolls of amnesia {unknown}
 i - a scroll of remove curse {unknown}
 j - a scroll of teleportation {unknown}
 m - a scroll of random uselessness {unknown}
 o - 2 scrolls of immolation {unknown}
 r - a scroll of fog {unknown}
Potions
 d - a potion of flight
 k - a potion of degeneration {unknown}
 l - a potion of ambrosia {unknown}
 s - a potion of lignification {unknown}
Books
 a - a book of Callings

   Spells                             Type                      Level
   a - Summon Small Mammal            Summoning                    1
   b - Call Imp                       Summoning                    2
   c - Call Canine Familiar           Summoning                    3
   d - Summon Guardian Golem          Hexes/Summoning              3
   e - Summon Lightning Spire         Summoning/Air                4
   f - Summon Ice Beast               Ice/Summoning                4
Comestibles
 b - 2 bread rations
 c - 5 fruits


   Skills:
 + Level 1.6 Fighting
 + Level 2.4 Dodging
 - Level 1.7 Stealth
 + Level 2.8 Spellcasting
 * Level 5.3 Summonings


You had 3 spell levels left.
You knew the following spells:

 Your Spells              Type           Power        Failure   Level  Hunger
a - Summon Small Mammal   Summ           ###.         1%          1    #......
x - Call Canine Familiar  Summ           ###.....     6%          3    ###....
z - Call Imp              Summ           ###.....     3%          2    ##.....


Dungeon Overview and Level Annotations

Branches:
Dungeon (3/15)

Altars:


Innate Abilities, Weirdness & Mutations

Your plain brown scales are hard. (AC +5)
You cannot fit into any form of body armour.
You are cold-blooded and may be slowed by cold attacks.


Message History

You are too injured to fight recklessly!
You are too injured to fight recklessly!
You are too injured to fight recklessly!
You are too injured to fight recklessly!
You take 25 damage, and have 16/41 hp.
MASSIVE DAMAGE!!
The centaur shoots an arrow.
The arrow closely misses you.
You see here an arrow.
The centaur unwields an uncursed shortbow.
The centaur misses you.
Casting: Call Canine Familiar
Confirm with . or Enter, or press ? or * to list all spells.
The centaur hits you.
* * * LOW HITPOINT WARNING * * *
The centaur hits you.
* * * LOW HITPOINT WARNING * * *
You take 10 damage, and have 6/41 hp.
MASSIVE DAMAGE!!
You now have 6/9 mp.
It was a potion of flight.
You feel very buoyant.
You fly up into the air.
The centaur hits you!
You die...

....................
########.#.#.######
#.#.#.#
######.#.#.####
#...##........#
#...##...(....#
###..h##...(....#
#.....(((.(.....#
#.#.c@###.......#
#...$.............
###...###.......#..
.....+ ...........
###...###.......#.
#...# #########
#...# #####


You could see a centaur and a friendly hound.

Vanquished Creatures
  3 adders (D:2)
  An ooze (D:2)
  A worm (D:2)
  3 dart slugs
  2 leopard geckos (D:1)
  A ball python (D:2)
  3 giant cockroaches
  10 goblins
  6 hobgoblins
  2 jackals (D:2)
  5 kobolds
  A quokka (D:2)
  9 bats
  4 frilled lizards
  7 rats
58 creatures vanquished.

Vanquished Creatures (collateral kills)
  Natasha (thrice) (D:2)
  An adder (D:2)
  A worm (D:2)
  A leopard gecko (D:2)
  A goblin (D:2)
  A hobgoblin (D:2)
  2 jackals (D:2)
  A bat (D:2)
  A kobold (D:1)
12 creatures vanquished.

Grand Total: 70 creatures vanquished

Notes
Turn   | Place    | Note
-------+----------+-------------------------------------------
     0 | D:1      | namelastname112 the Draconian Summoner began the quest for the Orb.
     0 | D:1      | Reached XP level 1. HP: 14/14 MP: 3/3
   626 | D:1      | Reached XP level 2. HP: 14/22 MP: 5/5
   630 | D:1      | Learned a level 2 spell: Call Imp
   935 | D:1      | Reached skill level 1 in Fighting
  1168 | D:1      | Reached XP level 3. HP: 28/28 MP: 6/6
  1176 | D:1      | Learned a level 3 spell: Call Canine Familiar
  1653 | D:2      | Reached XP level 4. HP: 20/35 MP: 3/7
  1888 | D:2      | Noticed Natasha
  1895 | D:2      | Killed Natasha
  1986 | D:2      | Noticed Natasha
  2000 | D:2      | Killed Natasha
  2000 | D:2      | Reached skill level 5 in Summonings
  2191 | D:2      | Noticed Natasha
  2202 | D:2      | Killed Natasha
  2349 | D:2      | Reached XP level 5. HP: 13/41 MP: 9/9
  2701 | D:3      | Noticed a centaur
  2714 | D:3      | Slain by a centaur

Vault maps used:
D:1:      dpeg_arrival_tiny_c
D:2:      first_bread, uniq_natasha

Skill      XL: |  1  2  3  4 |
---------------+-------------+-----
Fighting       | 1 |  1.6
Dodging        | 2 |  2.4
Summonings     | 5 |  5.3
Stealth        | |  1.7
Spellcasting   | |  2.8

Action                   |  1- 3 |  4- 6 || total
-------------------------+-------+-------++-------
Melee: Unarmed           |    20 |     3 ||    23
       Short sword       |   144 |   105 ||   249
       Mace              |     6 |       ||     6
       Tailslap          |    17 |     5 ||    22
 Cast: Summon Small Mamm |     4 |       ||     4
       Call Canine Famil |     2 |     6 ||     8
  Use: Potion            |       |     1 ||     1
 Stab: Sleeping          |     5 |       ||     5
  Eat: Chunk             |     2 |     5 ||     7
Armor: Skin              |    71 |    43 ||   114
Dodge: Dodged            |   159 |    84 ||   243

Table legend:
 A = Spawn XP
 B = Non-spawn XP
 C = Spawn XP percentage of total XP
 D = Spawn monster count
 E = Non-spawn monster count
 F = Spawn count percentage of total count
 G = Total turns spent on level
                    A         B        C        D         E        F      G
               +---------+---------+-------+---------+---------+-------+---------
         Total |      38 |     182 |  17.3 |      13 |      57 |  18.6 |  2714
               +---------+---------+-------+---------+---------+-------+---------
           D:1 |       7 |      44 |  13.7 |       4 |      24 |  14.3 |  1278
           D:2 |      31 |     137 |  18.5 |       9 |      32 |  22.0 |  1410
           D:3 |       0 |       1 |   0.0 |       0 |       1 |   0.0 |    26
               +---------+---------+-------+---------+---------+-------+---------
